 Dungeon Crawl Stone Soup version 0.31-a0-188-g5e087ee2ca (webtiles) character file.

Game seed: 220987185641240210

2101 kae the Changer (level 9, -1/72 (76) HPs)
             Began as a White Draconian Transmuter on June 23, 2023.
             Was a Follower of Ru.
             Slain by a wight
             ... wielding a +2 falchion
              (6 damage)
             ... on level 6 of the Dungeon.
             The game lasted 00:08:41 (6274 turns).

kae the Changer (White Draconian Transmuter)        Turns: 6274, Time: 00:08:41

HP:   -1/72 (76)    AC:  7    Str: 12    XL:     9   Next: 7%
MP:   16/16         EV: 10    Int: 17    God:    Ru [*.....]
Gold: 231           SH:  0    Dex: 13    Spells: 8/18 levels left

rFire   x . .        d - melded +2 short sword (venom)
rCold   + + +        (shield currently unavailable)
rNeg    . . .        (body armour unavailable)
rPois   +            (helmet currently unavailable)
rElec   .            b - melded scarf {+Inv}
rCorr   .            (gloves currently unavailable)
SInv    +            (boots currently unavailable)
Will    .....        e - amulet of magic regeneration
Stlth   +            Z - ring of wizardry
HPRegen 0.32/turn    v - ring of see invisible
MPRegen 0.55/turn

%: wizardry (x1)
@: ice-form (expiring), drained
A: freezing attack, amphibious, boosted hp, (breathe frost), AC +7, large,
unfitting armour, (cold resistance 1), (cold-blooded), hated by all
a: End Transformation, Renounce Religion


You were on level 6 of the Dungeon.
You worshipped Ru.
Ru was aware of your devotion.
You were a creature of crystalline ice.
You visited 2 branches of the dungeon, and saw 7 of its levels.
You also visited: Sewer and Ossuary.

You collected 231 gold pieces.


Innate Abilities, Weirdness & Mutations

You are a creature of crystalline ice.
You have a powerful freezing melee attack.
You are amphibious.
Your maximum health is increased.
Your armour is entirely melded.
You are incapable of wielding weapons or throwing items.
((You can breathe waves of freezing cold which knock back foes.))
((Your icy white scales are hard. (AC +7)))
You cannot fit into any form of body armour.
((Your flesh is cold resistant. (rC+)))
((You are cold-blooded and may be slowed by cold attacks.))
You are hated by all.


   Skills:
 - Level 1.1 Fighting
 - Level 1.7 Dodging
 + Level 6.0 Unarmed Combat
 + Level 5.0 Spellcasting
 * Level 7.8 Transmutations
 - Level 6.0 Ice Magic
 - Level 2.0 Poison Magic


You had 8 spell levels left.
You knew the following spells:

 Your Spells              Type           Power      Damage    Failure   Level
a - Beastly Appendage     Tmut           60%        N/A       1%          1
b - Wereblood             Tmut           30%        N/A       1%          2
c - Spider Form           Tmut/Pois      21%        N/A       2%          3
d - Ice Form              Ice/Tmut       27%        N/A       3%          4

Your spell library contained the following spells:

 Spells                   Type           Power      Damage    Failure   Level
 Passwall                 Tmut/Erth      14%        N/A       1%          2
 Apportation              Tloc           8%         N/A       6%          1
 Necrotise                Necr           16%        1d4       6%          1
 Sandblast                Erth           8%         2d5       6%          1
 Stone Arrow              Conj/Erth      8%         3d7       16%         3
 Eringya's Noxious Bog    Tmut/Pois      10%        N/A       71%         6
 Summon Small Mammal      Summ           Unusable   N/A       N/A         1
 Summon Forest            Summ/Tloc      Unusable   N/A       N/A         5
 Summon Hydra             Summ           Unusable   N/A       N/A         7

Inventory:

Hand Weapons
 d - a +2 short sword of venom (melded)
   (You took it off a kobold on level 1 of the Dungeon)
Missiles
 c - 79 stones
 g - 21 poisoned darts
 j - 3 silver boomerangs
 m - 2 boomerangs
 n - 3 throwing nets {=f!f}
 B - a curare-tipped dart {=f}
Armour
 b - a scarf of invisibility (melded)
   (You found it on level 1 of the Dungeon)
 q - a +0 troll leather armour
   (You found it on level 5 of the Dungeon)
Jewellery
 e - an amulet of magic regeneration (around neck)
   (You found it on level 1 of the Dungeon)
 v - a ring of see invisible (right front paw)
   (You found it on level 1 of the Dungeon)
 T - an amulet of faith {!P}
   (You found it on level 6 of the Dungeon)
 W - a ring of magical power
   (You found it on level 1 of the Dungeon)
 Z - a ring of wizardry (left front paw)
   (You found it on level 2 of the Dungeon)
Scrolls
 r - a scroll of amnesia
 w - a scroll of fear
 x - 2 scrolls of teleportation {@r4}
 y - a scroll of poison {!r}
Potions
 a - 2 potions of lignification {!q}
 f - 4 potions of enlightenment {unknown}
 h - a potion of brilliance {unknown}
 i - 4 potions of mutation {unknown}
 k - 3 potions of curing {@q1}
 l - 2 potions of resistance
 o - a potion of degeneration {unknown}
 p - a potion of berserk rage {unknown}
 s - a potion of magic {unknown}
 t - 3 potions of haste {unknown}
 u - a potion of invisibility {unknown}
 z - a potion of cancellation
 A - a potion of attraction {unknown}

Dungeon Overview and Level Annotations

Branches:
Dungeon (6/15) Zot: 26801  Temple (1/1) D:4 Zot: 5842   Sewer (visited)
Ossuary (visited)

Altars:
Ashenzari
Cheibriados
Dithmenos
Elyvilon
Gozag
Kikubaaqudgha
Makhleb
Nemelex Xobeh
Okawaru
Qazlal
Ru
Sif Muna
Trog
Uskayaw
Vehumet
Wu Jian
Xom
Zin
The Shining One

Shops:
D:1 :

Annotations:
D:3 2 transporters

......................[
###..#.................
#..................#...
..##.......?.†.........
####...<.....†)........
# #................###
#...........lzz....##
###...........#.z.....#
#......)..######Yh##...
........................
.....†..........###..##.
................ .....
...#######...... ....
...# (...... .z ...#
#...... . ...# #......
....


You could see a black bear, an iguana and 4 wights.


Message History

You kill the iguana!
You have reached level 9!
Your experience leads to an increase in your attributes!
Increase (S)trength, (I)ntelligence, or (D)exterity?
You feel clever. x2; Your scales feel tougher. 😕 MP[+1]
You now have 76 max hp (+6).
Your mp is fully restored (16).
You punch the ufetubus! You freeze the ufetubus.
You kill the ufetubus!
A hound comes into view.
A wight comes into view. It is wielding a +2 falchion.
The jelly hits you but does no damage.
The hound barks!
You punch the jelly! You freeze the jelly.
You kill the jelly!
Your Unarmed Combat skill increases to level 6!
The wight hits you with a +0 battleaxe! 😮 HP[-7]
You take 7 damage, and now have 57/76 hp.
You punch the wight! The wight closely misses you.
You punch the wight!
You destroy the wight! 😕 HP[+1]
You hit the hound but do no damage. The hound bites you but does no damage.
You hit the hound. You freeze the hound. The hound bites you.
A wight comes into view. It is wielding a +3 halberd.
The hound bites you but does no damage. 😮 HP[-1]
You take 1 damage, and now have 57/76 hp.
You hit the hound. You freeze the hound.
The hound is stunned by your conviction and fails to attack.
You completely miss the hound. The hound barely misses you.
The wight closely misses you. 😕 HP[+1]
You barely miss the hound. The hound bites you. The hound closely misses you.
The wight hits you with a +2 falchion.
You feel drained.
An iguana comes into view.
A wight comes into view. It is wielding a +4 great sword.
You are too injured to fight recklessly! 😮 HP[-7]
You now have 75 max hp (-1).
You take 7 damage, and now have 51/75 hp.
You are too injured to fight recklessly!
You are too injured to fight recklessly!
The iguana hisses angrily.
You hit the wight but do no damage. The hound bites you.
The wight is stunned by your conviction and fails to attack. 😮 HP[-2]
You take 2 damage, and now have 49/75 hp.
You are too injured to fight recklessly!
You are too injured to fight recklessly!
You are too injured to fight recklessly!
You are too injured to fight recklessly!
You barely miss the hound. The hound bites you but does no damage.
The hound barely misses you. 😮 HP[+1] Unknown command.
You hit the wight but do no damage. The wight hits you with a +2 falchion!
The hound closely misses you. 😮 HP[-12]
You take 12 damage, and now have 38/75 hp.
Unknown command.
You punch the hound! You freeze the hound.
You kill the hound!
Your transformation is almost over.
The wight hits you with a +2 falchion.
* * * LOW HITPOINT WARNING * * *
The wight closely misses you.
Your life force feels restored.
Your Spellcasting skill increases to level 5! 😨 HP[-4]
You now have 76 max hp (+1).
You take 4 damage, and now have 34/76 hp.
You hit the wight. The wight hits you with a +2 falchion!
* * * LOW HITPOINT WARNING * * *
You feel drained.
* * * LOW HITPOINT WARNING * * *
The wight hits you from afar with a +3 halberd!
* * * LOW HITPOINT WARNING * * *
You feel drained.
* * * LOW HITPOINT WARNING * * *
You barely miss the wight.
A black bear comes into view.
The wight barely misses you. x2 😱 HP[-30]
You now have 72 max hp (-4).
You take 30 damage, and now have 4/72 hp.
MASSIVE DAMAGE!! (PAUSE) Unknown command.
Okay, then.
Okay, then.
The wight attacks as you move away! The wight closely misses you.
The black bear growls angrily.
Unknown command.
The wight attacks as you move away! The wight barely misses you.
A wight comes into view. It is wielding a +0 trident. 😱 HP[+1]
The wight attacks as you move away! The wight hits you with a +2 falchion.
You die...

Skill      XL: |  1  2  3  4  5  6  7  8  9 |
---------------+----------------------------+-----
Transmutations | 3 4 5 7 |  7.8
Poison Magic   | 1 2 |  2.0
Unarmed Combat | 4 5 6 |  6.0
Spellcasting   | 3 4 5 |  5.0
Ice Magic      | 2 4 6 |  6.0
Fighting       | |  1.1
Dodging        | |  1.7

Action                     |  1- 3 |  4- 6 |  7- 9 || total
---------------------------+-------+-------+-------++-------
  Melee: Short sword       |   100 |   165 |    10 ||   275
         Kick              |    18 |    18 |       ||    36
         Tailslap          |    11 |    17 |     1 ||    29
         Punch             |     4 |     2 |       ||     6
         Unarmed           |     1 |    52 |   226 ||   279
         Headbutt          |     5 |    10 |       ||    15
   Cast: Beastly Appendage |    18 |    15 |       ||    33
         Wereblood         |     2 |     6 |     4 ||    12
         Spider Form       |       |     6 |     4 ||    10
         Ice Form          |       |     3 |    16 ||    19
 Invoke: Sacrifice Love    |       |       |     1 ||     1
Ability: End Transformatio |       |       |     1 ||     1
    Use: Scroll            |     1 |     8 |     4 ||    13
         Potion            |       |       |     1 ||     1
 Armour: Skin              |    39 |    67 |    97 ||   203
  Dodge: Dodged            |    72 |   130 |   139 ||   341

Levels and vault maps discovered:
D:1:      lemuel_arrival_broad_hall, layout_basic, serial_shops, shop,
          minmay_worlds_worst_comb
D:2:      minmay_general_purpose_star, layout_basic, basic_altar
D:3:      gammafunk_wand_slinger, layout_rooms, lemuel_crystal_altar,
          general_overflow_altar, minmay_rat_hole
D:4:      layout_rooms, fedhas_altar_3, nemelex_spade_bored_becter,
          mainiacjoe_overflow_boulevard, jmf_multi_god_temple2,
          minmay_temple_entry_glass, serial_glass, glass_columns_a,
          glass_columns_b, item_on_display_a, item_on_display_a,
          lightli_corner_chamber
D:5:      layout_gridville, mainiacjoe_overflow_chevrons,
          mainiacjoe_overflow_small_starburst, cheibrodos_sewer_entry_drain,
          enter_ossuary_3, uniq_grinder
D:6:      layout_rooms
Temple:   dshaligram_water_room_temple

Notes
Turn   | Place    | Note
-------+----------+-------------------------------------------
     0 | D:1      | kae the Draconian Transmuter began the quest for the Orb.
     0 | D:1      | Reached XP level 1. HP: 16/16 MP: 3/3
     0 | D:1      | magus.rc [v1.11.3]
   126 | D:1      | Reached XP level 2. HP: 23/23 MP: 3/5
   315 | D:1      | Found Veomos's Book Shop.
   319 | D:1      | Learned a level 2 spell: Wereblood
   389 | D:1      | You pick up a book of Cantrips and begin reading...
   389 | D:1      | You add the spells Necrotise, Summon Small Mammal and
                  | Apportation to your library.
   464 | D:1      | Reached XP level 3. HP: 22/28 MP: 4/6
   468 | D:1      | Learned a level 3 spell: Spider Form
   532 | D:1      | Reached skill level 3 in Transmutations
  1093 | D:2      | Identified the +0 morningstar of Wyrd {heavy, rPois rN+
                  | Will-}
  1132 | D:2      | Reached XP level 4. HP: 28/35 MP: 7/7
  1138 | D:2      | Reached skill level 1 in Poison Magic
  1354 | D:2      | Found a glowing silver altar of Zin.
  1985 | D:3      | Reached XP level 5. HP: 39/40 MP: 8/8
  2103 | D:3      | Reached skill level 2 in Poison Magic
  2109 | D:3      | Found a shimmering blue altar of Sif Muna.
  2119 | D:3      | Reached skill level 4 in Transmutations
  2215 | D:3      | Noticed a kobold demonologist
  2218 | D:3      | Found a transporter.
  2220 | D:3      | Found a transporter.
  2413 | D:3      | Found an ancient bone altar of Kikubaaqudgha.
  2580 | D:4      | Noticed an ogre
  3074 | D:4      | Found a large runed translucent door.
  3075 | D:4      | Found a large runed translucent door.
  3087 | D:4      | Reached skill level 4 in Unarmed Combat
  3214 | D:4      | Found a staircase to the Ecumenical Temple.
  3235 | Temple   | Entered the Ecumenical Temple
  3383 | Temple   | Became a worshipper of Ru the Awakened
  3454 | D:4      | Noticed a sky beast
  3455 | D:4      | Noticed a water moccasin
  3499 | D:4      | Reached skill level 3 in Spellcasting
  3610 | D:3      | Learned a level 4 spell: Ice Form
  3619 | D:4      | Reached XP level 6. HP: 47/47 MP: 6/10
  3624 | D:4      | Reached skill level 1 in Ice Magic
  3983 | D:4      | Found a blossoming altar of Fedhas.
  4001 | D:4      | Reached skill level 2 in Ice Magic
  4046 | D:4      | Found an opulent altar of Gozag.
  4102 | D:4      | Reached skill level 5 in Transmutations
  4108 | D:4      | You pick up a book of Geomancy and begin reading...
  4108 | D:4      | You add the spells Sandblast, Passwall and Stone Arrow to
                  | your library.
  4118 | D:4      | Found a sparkling altar of Nemelex Xobeh.
  4255 | D:4      | You add the spells Summon Forest, Eringya's Noxious Bog and
                  | Summon Hydra to your library.
  4283 | D:4      | Your scales start taking on an icy white colour.
  4283 | D:4      | Reached XP level 7. HP: 33/50 MP: 12/12
  4283 | D:4      | Gained mutation: Your flesh is cold resistant. (rC+) [White
                  | Draconian growth]
  4348 | D:4      | Reached skill level 3 in Ice Magic
  4567 | D:4      | Found a burning altar of Makhleb.
  4570 | D:4      | Found a basalt altar of Yredelemnul.
  4590 | D:5      | Entered Level 5 of the Dungeon
  4591 | D:5      | Found an ornate altar of the Wu Jian Council.
  4704 | D:5      | Found a glowing drain.
  4706 | D:5      | Noticed a troll
  4710 | D:5      | Found a stormy altar of Qazlal.
  4720 | D:5      | HP: 15/62 [troll (7)]
  4722 | D:5      | Killed a troll
  4723 | D:5      | Reached skill level 4 in Ice Magic
  4744 | Sewer    | Entered a sewer
  4787 | Sewer    | Noticed Pargi
  4792 | Sewer    | Killed Pargi
  4793 | Sewer    | Reached skill level 5 in Unarmed Combat
  4793 | Sewer    | Reached XP level 8. HP: 42/59 MP: 13/13
  4797 | Sewer    | Reached skill level 6 in Transmutations
  4838 | D:5      | Found a sand-covered staircase.
  4859 | D:5      | Reached skill level 4 in Spellcasting
  4878 | D:5      | Reached skill level 5 in Ice Magic
  4886 | Ossuary  | Entered an ossuary
  4916 | Ossuary  | Gained mutation: You are hated by all. [Ru sacrifice]
  4916 | Ossuary  | Reached * piety under Ru
  5501 | D:5      | Noticed Grinder
  5505 | D:5      | Killed Grinder
  5506 | D:5      | Reached skill level 7 in Transmutations
  5506 | D:5      | Reached skill level 6 in Ice Magic
  6254 | D:6      | Reached XP level 9. HP: 64/64 MP: 16/16
  6257 | D:6      | Reached skill level 6 in Unarmed Combat
  6269 | D:6      | Reached skill level 5 in Spellcasting
  6269 | D:6      | HP: 8/74 [wight/+3 halberd (13)]
  6269 | D:6      | HP: 3/72 [wight/+3 halberd (5)]
  6274 | D:6      | Slain by a wight

Vanquished Creatures
  A troll (D:5)
  Grinder (D:5)
  A water moccasin (D:6)
  A sky beast (D:6)
  An ogre (D:4)
  Pargi (Sewer)
  An ice beast (D:5)
  A kobold brigand (D:5)
  5 wights
  A howler monkey (D:6)
  A centaur zombie (Ossuary)
  3 human zombies (Ossuary)
  3 jellies
  2 hounds
  An orc priest (D:5)
  2 iguanas
  A sleepcap (D:5)
  2 orc wizards (D:4)
  2 mummies (Ossuary)
  9 gnolls
  12 adders
  A white imp (D:6)
  3 ufetubi
  A worm zombie (D:5)
  An adder zombie (Ossuary)
  3 worms
  A dart slug (D:1)
  18 orcs
  3 endoplasms
  4 giant cockroaches (D:1)
  5 goblins
  10 hobgoblins
  16 jackals
  14 kobolds
  5 quokkas
  10 ball pythons
  8 bats
  4 frilled lizards
  A goblin zombie (Ossuary)
  8 hobgoblin zombies (Ossuary)
  A jackal zombie (Ossuary)
  9 kobold zombies (Ossuary)
  11 orc zombies (Ossuary)
  23 rats
  3 rat zombies
215 creatures vanquished.

Table legend:
 A = Non-vault XP
 B = Vault XP
 C = Vault XP percentage of total XP
 D = Non-vault monster count
 E = Vault monster count
 F = Vault count percentage of total count
                 A         B        C        D         E       F
            +---------+---------+-------+---------+---------+-------
      Total |    2279 |     723 |  24.1 |     136 |      79 |  36.7
            +---------+---------+-------+---------+---------+-------
        D:1 |      68 |       8 |  10.5 |      32 |       4 |  11.1
        D:2 |      78 |      10 |  11.4 |      19 |       4 |  17.4
        D:3 |     104 |      20 |  16.1 |      24 |      19 |  44.2
        D:4 |     589 |       4 |   0.7 |      26 |       2 |   7.1
        D:5 |     752 |     291 |  27.9 |      22 |       5 |  18.5
        D:6 |     688 |       0 |   0.0 |      13 |       0 |   0.0
      Sewer |       0 |     141 | 100.0 |       0 |       6 | 100.0
    Ossuary |       0 |     249 | 100.0 |       0 |      39 | 100.0
            +---------+---------+-------+---------+---------+-------

Skill      XL: |  1  2  3  4  5  6  7  8  9 |
---------------+----------------------------+-----
Transmutations | 3 4 5 7 |  7.8
Poison Magic   | 1 2 |  2.0
Unarmed Combat | 4 5 6 |  6.0
Spellcasting   | 3 4 5 |  5.0
Ice Magic      | 2 4 6 |  6.0
Fighting       | |  1.1
Dodging        | |  1.7

Action                     |  1- 3 |  4- 6 |  7- 9 || total
---------------------------+-------+-------+-------++-------
  Melee: Short sword       |   100 |   165 |    10 ||   275
         Kick              |    18 |    18 |       ||    36
         Tailslap          |    11 |    17 |     1 ||    29
         Punch             |     4 |     2 |       ||     6
         Unarmed           |     1 |    52 |   226 ||   279
         Headbutt          |     5 |    10 |       ||    15
   Cast: Beastly Appendage |    18 |    15 |       ||    33
         Wereblood         |     2 |     6 |     4 ||    12
         Spider Form       |       |     6 |     4 ||    10
         Ice Form          |       |     3 |    16 ||    19
 Invoke: Sacrifice Love    |       |       |     1 ||     1
Ability: End Transformatio |       |       |     1 ||     1
    Use: Scroll            |     1 |     8 |     4 ||    13
         Potion            |       |       |     1 ||     1
 Armour: Skin              |    39 |    67 |    97 ||   203
  Dodge: Dodged            |    72 |   130 |   139 ||   341

Illustrated notes

Table legend:
 A = Kills in this place as a percentage of kills in the entire game.
 B = Kills by you in this place as a percentage of kills by you in the entire game.
 C = Kills by friends in this place as a percentage of kills by friends in the entire game.
 D = Other kills in this place as a percentage of other kills in the entire game.
 E = Experience gained in this place as a percentage of experience gained in the entire game.
 F = Experience gained in this place divided by the number of levels of this place that you have seen.
                   A       B       C       D       E      F
               +-------+-------+-------+-------+-------+----------------------
         Total | 100.0 | 100.0 |   N/A |   N/A | 100.0 | 333.6
       Dungeon |  79.1 |  79.1 |   N/A |   N/A |  87.0 | 435.3
         Sewer |   2.8 |   2.8 |   N/A |   N/A |   4.7 | 141.0
       Ossuary |  18.1 |  18.1 |   N/A |   N/A |   8.3 | 249.0
               +-------+-------+-------+-------+-------+----------------------

Table legend: (Time is in decaauts)
 A = Elapsed time spent in this place.
 B = Non-inter-level travel time spent in this place.
 C = Inter-level travel time spent in this place.
 D = Time resting spent in this place.
 E = Time spent auto-exploring this place.
 F = Levels seen in this place.
 G = Mean time per level.
                   A        B        C        D        E       F      G
               +--------+--------+--------+--------+--------+-----+--------+
         Total |   6266 |   6050 |    216 |    920 |   3644 |   9 |  696.2 |
       Dungeon |   5611 |   5418 |    193 |    900 |   3325 |   6 |  935.2 |
        Temple |    157 |    134 |     23 |      0 |    123 |   1 |  157.0 |
         Sewer |     84 |     84 |      0 |      0 |      0 |   1 |   84.0 |
       Ossuary |    413 |    413 |      0 |     20 |    196 |   1 |  413.0 |
               +--------+--------+--------+--------+--------+-----+--------+

Top non-repeatable levels by time:
     D:4: 1463 daAuts
     D:3: 1163 daAuts
     D:1: 980 daAuts
     D:5: 978 daAuts
     D:2: 827 daAuts
 Ossuary: 413 daAuts
     D:6: 198 daAuts
  Temple: 157 daAuts
   Sewer: 84 daAuts
